 Dungeon Crawl Stone Soup version 0.29-a0-477-g62b78b4225 (webtiles) character file.

Game seed: 5170456362745899258

147 Sobieck the Cutter (level 5, -7/42 HPs)
             Began as a Vine Stalker Gladiator on May 24, 2022.
             Was a Believer of Trog.
             Mangled by a worm (13 damage)
             ... on level 3 of the Dungeon.
             The game lasted 00:05:16 (2400 turns).

Sobieck the Cutter (Vine Stalker Gladiator)         Turns: 2400, Time: 00:05:17

Health: -7/42      AC:  5    Str: 16    XL:     5   Next: 29%
Magic:  0/6        EV: 13    Int:  8    God:    Trog [**....]
Gold:   183        SH:  0    Dex: 24    Spells: 4/4 levels left

rFire   . . .      SeeInvis .   a - +0 rapier {short}
rCold   . . .      Faith    .   m - orb {mayhem}
rNeg    . . .      Spirit   +   l - +0 leather armour
rPois   .          Reflect  .   c - +0 helmet
rElec   .          Harm     .   (no cloak)
rCorr   .          Rampage  .   F - +0 pair of gloves
Will    .....                   (no boots)
Stlth   ..........              (no amulet)
HPRegen 0.94/turn               v - +6 ring of dexterity
MPRegen 0.10/turn               (no ring)

@: berserking, very quick
A: fangs 2, regeneration 1, magic shield, antimagic bite, no potion heal 2
a: Renounce Religion, Berserk, Trog's Hand


You were on level 3 of the Dungeon.
You worshipped Trog.
Trog was pleased with you.
You visited 1 branch of the dungeon, and saw 3 of its levels.

You collected 183 gold pieces.


Innate Abilities, Weirdness & Mutations

You have extremely sharp teeth.
Your natural rate of healing is unusually fast.
When hurt, damage is shared between your health and your magic reserves.
Your bite disrupts and absorbs the magic of your enemies.
Potions cannot restore your health.


   Skills:
 + Level 2.8 Fighting
 * Level 4.2 Short Blades
 - Level 1.7 Throwing
 + Level 1.6 Armour
 - Level 2.4 Dodging


You had 4 spell levels left.
You didn't know any spells.
Your spell library contained the following spells:

 Spells                   Type           Power      Damage    Failure   Level
 Sandblast                Erth           0%         2d4       47%         1
 Blink                    Tloc           0%         N/A       63%         2
 Passwall                 Tmut/Erth      0%         N/A       63%         2
 Lesser Beckoning         Tloc           0%         N/A       85%         3
 Stone Arrow              Conj/Erth      0%         3d7       85%         3
 Manifold Assault         Tloc           0%         N/A       100%        5

Inventory:

Hand Weapons
 a - a +0 rapier (weapon) {short}
 b - a +0 hunting sling {sling}
   (You took it off a goblin on level 2 of the Dungeon)
 y - a +1 flail of protection {mace}
   (You took it off an orc on level 3 of the Dungeon)
 J - a +1 short sword of venom {short}
   (You took it off a kobold on level 3 of the Dungeon)
Missiles
 d - 3 throwing nets (quivered) {=f!fthrowing}
 e - a javelin {throwing}
 u - 29 stones {throwing}
 x - 11 poisoned darts {throwing}
 B - a boomerang {throwing}
 H - 4 curare-tipped darts {=fthrowing}
Armour
 c - a +0 helmet (worn)
 f - a +0 robe
   (You found it on level 1 of the Dungeon)
 k - a +0 chain mail
   (You found it on level 2 of the Dungeon)
 l - a +0 leather armour (worn)
 m - an orb of mayhem (worn)
   (You found it on level 2 of the Dungeon)
 p - a +0 leather armour
   (You found it on level 2 of the Dungeon)
 s - a +0 chain mail
   (You found it on level 2 of the Dungeon)
 z - a +0 leather armour
   (You took it off an orc on level 3 of the Dungeon)
 A - a +0 robe
   (You took it off an orc wizard on level 3 of the Dungeon)
 D - a +0 ring mail
   (You took it off an orc on level 3 of the Dungeon)
 E - a +0 chain mail
   (You took it off an orc on level 3 of the Dungeon)
 F - a +0 pair of gloves (worn)
   (You found it on level 3 of the Dungeon)
Jewellery
 v - a +6 ring of dexterity (left hand)
   (You found it on level 2 of the Dungeon)
Scrolls
 g - 2 scrolls of identify {@r1}
 j - a scroll of poison {unknown}
 n - a scroll of fear {unknown}
 o - a scroll of enchant weapon {unknown}
 q - a scroll of immolation {unknown}
 w - a scroll of enchant armour {unknown}
 G - a scroll of teleportation {unknown}
 I - a scroll of blinking {unknown}
Potions
 h - 2 potions of flight
 i - 2 potions of berserk rage {unknown}
 r - a potion of heal wounds {unknown}
 t - a potion of attraction {unknown}
 C - a potion of might {unknown}

Dungeon Overview and Level Annotations

Branches:
Dungeon (3/15)

Altars:
Qazlal
Trog

##..#######
..##....###
.##.......##
######.#.........#
....###....#....##
#..##...###....#
#.......#y#._..#
#†###...###...)# #.#
#....#@...#
#######.###......w))#
..........##......)##
#######.#####....###
#######.# ######
........# #########


You could see a worm (berserk) and a neutral moth of wrath (fast, strong,
insane).


Message History

You now have 174 gold pieces (gained 4).
An endoplasm comes into view.
Danger!
You shoot a sling bullet. The sling bullet hits the endoplasm.
The endoplasm quivers.
a - a +0 rapier (weapon)
{short} You hit the endoplasm.
You kill the endoplasm!
Trog accepts your kill.
No target in view!
b - a +0 hunting sling (weapon)
{sling}
Found a stone staircase leading down.
Unknown command.
You now have 183 gold pieces (gained 9).
A frilled lizard comes into view.
The frilled lizard hisses angrily.
Danger!
You shoot a sling bullet.
The sling bullet closely misses the frilled lizard.
You shoot a sling bullet.
The sling bullet hits the frilled lizard.
You kill the frilled lizard!
Trog accepts your kill.
No target in view!
You see here a frilled lizard corpse.
A moth of wrath comes into view.
Danger!
Unknown command. 4 rats come into view.
Found a hand axe and a whip.
Found a bloodstained altar of Trog.
A worm comes into view.
The moth of wrath's fur bristles in rage as it notices you.
Unknown command.
a - a +0 rapier (weapon)
{short} Unknown command.
The moth of wrath goads the rat on!
The rat goes berserk!
You barely miss the rat. The rat bites you but does no damage.
The rat barely misses you.
You barely miss the rat. You bite the rat, but do no damage.
The rat barely misses you. The rat bites you.
The moth of wrath goads the rat on!
The rat goes berserk!
You hit the rat.
You kill the rat!
Trog accepts your kill. The rat closely misses you. The rat misses you.
You hit the rat.
You kill the rat!
Trog accepts your kill. The rat bites you but does no damage.
The rat bites you. The rat attacks as you move away!
The rat bites you but does no damage.
The moth of wrath goads the worm on!
The worm goes berserk!
The moth of wrath goads the rat on!
The rat goes berserk!
The rat closely misses you. The worm bites you!
You puncture the worm! You bite the worm. You drain its power.
You feel invigorated.
The moth of wrath goads the rat on!
The rat goes berserk!
The rat bites you but does no damage. The rat closely misses you.
The worm bites you!
* * * LOW HITPOINT WARNING * * *
The rat misses you.
You hit the worm but do no damage. Your bite misses the worm.
The rat closely misses you. The rat barely misses you.
The worm barely misses you. The rat barely misses you.
You hit the worm. The rat bites you.
* * * LOW HITPOINT WARNING * * *
The rat closely misses you. The rat barely misses you. The worm bites you!
* * * LOW HITPOINT WARNING * * *
Unknown command.
You hit the worm. The rat misses you. The rat closely misses you.
The rat bites you but does no damage.
A red film seems to cover your vision as you go berserk!
You feel yourself moving faster!
You feel mighty! The rat bites you but does no damage.
The worm closely misses you. The rat misses you. x2
You hit the rat. The worm barely misses you.
The rat bites you but does no damage. The rat bites you.
* * * LOW HITPOINT WARNING * * *
You closely miss the rat. The rat closely misses you.
The worm bites you but does no damage. The rat misses you.
You hit the worm. The rat bites you.
* * * LOW HITPOINT WARNING * * *
The rat barely misses you.
You puncture the rat!
You kill the rat!
Trog accepts your kill. The rat bites you.
* * * LOW HITPOINT WARNING * * *
The worm bites you.
* * * LOW HITPOINT WARNING * * *
Unknown command.
You impale the rat!!
You kill the rat!
Trog accepts your kill.
The moth of wrath flies into a frenzy!
You puncture the worm! The worm bites you!
You die...

Skill      XL: |  1  2  3  4 |
---------------+-------------+-----
Fighting       | 2 |  2.8
Short Blades   | 3 4 |  4.2
Armour         | 1 |  1.6
Throwing       | |  1.7
Dodging        | |  2.4

Action                   |  1- 3 |  4- 6 || total
-------------------------+-------+-------++-------
Melee: Rapier            |    58 |    39 ||    97
       Bite              |     9 |     5 ||    14
       Punch             |     1 |       ||     1
 Fire: Hunting sling     |    34 |    38 ||    72
Invok: Berserk           |     2 |     2 ||     4
  Use: Scroll            |     1 |       ||     1
 Stab: Sleeping          |     2 |       ||     2
Armor: Leather armour    |    12 |    16 ||    28
Dodge: Dodged            |    33 |    40 ||    73

Levels and vault maps discovered:
D:1:      onia_arrival_pentagram, layout_basic,
          hellmonk_ecumenical_altar_run_dry
D:2:      layout_loops_ring, kennysheep_flooded_box
D:3:      layout_loops_ring, tgw_trog

Notes
Turn   | Place    | Note
-------+----------+-------------------------------------------
     0 | D:1      | Sobieck the Vine Stalker Gladiator began the quest for the
                  | Orb.
     0 | D:1      | Reached XP level 1. HP: 11/11 MP: 2/2
   222 | D:1      | You pick up a book of Geomancy and begin reading...
   222 | D:1      | You add the spells Sandblast, Passwall and Stone Arrow to
                  | your library.
   311 | D:1      | Reached XP level 2. HP: 15/15 MP: 3/3
   314 | D:1      | Reached skill level 2 in Fighting
   314 | D:1      | Reached skill level 3 in Short Blades
   524 | D:1      | Found a faded altar of an unknown god.
   534 | D:1      | Prayed at the altar of an unknown god.
   534 | D:1      | Became a worshipper of Trog the Wrathful
   534 | D:1      | Reached * piety under Trog
   818 | D:2      | Reached XP level 3. HP: 18/18 MP: 4/4
  1021 | D:2      | HP: 6/27 [goblin/+0 dagger (1)]
  1026 | D:2      | Reached skill level 1 in Armour
  1260 | D:2      | Found a stormy altar of Qazlal.
  1284 | D:2      | You pick up a book of Spatial Translocations {forbidden}
                  | and begin reading...
  1284 | D:2      | You add the spells Blink, Lesser Beckoning and Manifold
                  | Assault to your library.
  1826 | D:2      | Gained mutation: Your natural rate of healing is unusually
                  | fast. [Vine Stalker growth]
  1826 | D:2      | Reached XP level 4. HP: 23/23 MP: 5/5
  2078 | D:3      | Reached skill level 4 in Short Blades
  2078 | D:3      | Reached ** piety under Trog
  2079 | D:3      | Reached XP level 5. HP: 20/27 MP: 2/6
  2376 | D:3      | Noticed a moth of wrath
  2379 | D:3      | Found a bloodstained altar of Trog.
  2392 | D:3      | HP: 5/28 [worm (9)]
  2397 | D:3      | HP: 6/42 [rat (3)]
  2400 | D:3      | Mangled by a worm

Vanquished Creatures
  An orc wizard (D:3)
  3 gnolls (D:3)
  An adder (D:2)
  2 worms (D:2)
  A dart slug (D:3)
  5 orcs (D:3)
  4 ball pythons
  7 endoplasms
  4 giant cockroaches
  4 goblins
  4 hobgoblins
  3 kobolds
  3 quokkas
  4 bats
  7 frilled lizards
  9 rats
62 creatures vanquished.

Vanquished Creatures (collateral kills)
  A gnoll (D:3)
1 creature vanquished.

Grand Total: 63 creatures vanquished

Table legend:
 A = Non-vault XP
 B = Vault XP
 C = Vault XP percentage of total XP
 D = Non-vault monster count
 E = Vault monster count
 F = Vault count percentage of total count
                 A         B        C        D         E       F
            +---------+---------+-------+---------+---------+-------
      Total |     207 |       4 |   1.9 |      59 |       4 |   6.3
            +---------+---------+-------+---------+---------+-------
        D:1 |      33 |       0 |   0.0 |      20 |       0 |   0.0
        D:2 |      49 |       0 |   0.0 |      18 |       0 |   0.0
        D:3 |     125 |       4 |   3.1 |      21 |       4 |  16.0
            +---------+---------+-------+---------+---------+-------

Illustrated notes

Table legend:
 A = Kills in this place as a percentage of kills in entire the game.
 B = Kills by you in this place as a percentage of kills by you in the entire game.
 C = Kills by friends in this place as a percentage of kills by friends in the entire game.
 D = Other kills in this place as a percentage of other kills in the entire game.
 E = Experience gained in this place as a percentage of experience gained in the entire game.
 F = Experience gained in this place divided by the number of levels of this place that you have seen.
                   A       B       C       D       E      F
               +-------+-------+-------+-------+-------+----------------------
         Total | 100.0 | 100.0 | 100.0 |   N/A | 100.0 |  70.3
       Dungeon | 100.0 | 100.0 | 100.0 |   N/A | 100.0 |  70.3
               +-------+-------+-------+-------+-------+----------------------

Table legend: (Time is in decaauts)
 A = Elapsed time spent in this place.
 B = Non-inter-level travel time spent in this place.
 C = Inter-level travel time spent in this place.
 D = Time resting spent in this place.
 E = Time spent auto-exploring this place.
 F = Levels seen in this place.
 G = Mean time per level.
                   A        B        C        D        E       F      G
               +--------+--------+--------+--------+--------+-----+--------+
         Total |   2449 |   2426 |     23 |     88 |   1902 |   3 |  816.3 |
       Dungeon |   2449 |   2426 |     23 |     88 |   1902 |   3 |  816.3 |
               +--------+--------+--------+--------+--------+-----+--------+

Top non-repeatable levels by time:
     D:2: 1188 daAuts
     D:1: 811 daAuts
     D:3: 449 daAuts
